Saguenéens vs Thunder
(R1)
Created - 3 mars 2013 at 19:05
Goals
|
| Saguenéens |
0 |
1 |
1 |
2 |
| Thunder |
1 |
3 |
2 |
6 |
|
Shots
|
| Saguenéens |
13 |
4 |
9 |
26 |
| Thunder |
13 |
12 |
7 |
32 |
|
1st period
1. Thunder , Jason Chimera 25 (Adam Hall, Brandon Dubinsky) at 9:59
Penalties :
Jerred Smithson (TRO) for Slashing (Minor) at 19:12
2nd period
2. Thunder , Pierre-Alexandre Parenteau 17 (Scott Parse) at 13:18
3. Thunder , Phil Kessel 30 (Dany Roussin) at 16:52
4. Saguenéens , Jim Slater 2 (Brendan Witt, Johannes Salmonsson) at 17:42
5. Thunder , Brandon Dubinsky 18 (Adam Hall) at 18:35 (PP)
Penalties :
Johannes Salmonsson (Chi) for Slashing (Minor) at 18:31
3rd period
6. Thunder , Adam Hall 19 (Doug Janik, Brandon Dubinsky) at 4:34
7. Saguenéens , Dean McAmmond 20 (Ian Cole) at 9:48
8. Thunder , Doug Janik 2 (Jason Chimera, Adam Hall) at 15:42 (PP)
Penalties :
Brandon Dubinsky (TRO) for Fighting (Major) at 9:04, Brendan Witt (Chi) for Fighting (Major) at 9:04, Brad Chartrand (Chi) for High sticking (Minor) at 10:01, Brad Chartrand (Chi) for Holding (Minor) at 15:36, Ray Macias (TRO) for Interference (Minor) at 16:59
Goalie Stats
Thomas Greiss (Chi), 26 saves from 32 shots - (0,813), L, 17-8-3, 60:00 minutes
Semyon Varlamov (TRO), 24 saves from 26 shots - (0,923), W, 14-9-0, 60:00 minutes
Players Stats for Saguenéens
Player Name G A P +/- PIM S H SB GA TA FO MP PP MP PK MP
------------------------------------------------------------------------------------
Andrew Kozek 0 0 0 -1 0 1 0 0 0 0 0/1 10:11 0:09 0:00
Brad Chartrand 0 0 0 -2 4 4 2 1 1 0 0/0 15:51 2:02 0:00
Brendan Witt 0 1 1 0 5 2 0 1 0 0 0/0 21:52 0:00 0:04
David McIntyre 0 0 0 -1 0 0 0 0 0 0 1/3 9:39 0:00 0:00
Dean McAmmond 1 0 1 0 0 4 1 0 2 1 15/30 21:13 1:55 1:04
Derek Joslin 0 0 0 -3 0 0 2 1 0 0 0/0 18:34 0:00 1:04
Dwight King 0 0 0 0 0 0 6 1 0 0 1/3 20:06 1:55 0:00
Henrik Tallinder 0 0 0 -2 0 1 1 3 0 0 0/0 20:47 1:45 1:04
Ian Cole 0 1 1 2 0 0 0 1 1 0 0/0 23:36 2:13 0:18
Jim Slater 1 0 1 1 0 2 3 0 0 0 1/2 12:34 0:00 0:00
Johannes Salmonsson 0 1 1 -2 2 0 3 1 0 1 0/0 15:06 0:10 1:04
Kyle Brodziak 0 0 0 -2 0 1 1 0 2 0 8/15 16:55 1:54 1:05
Michal Grosek 0 0 0 1 0 3 1 0 1 1 0/1 15:21 1:54 1:05
Mike Van Ryn 0 0 0 -1 0 2 0 0 0 0 0/0 19:02 2:13 1:05
Pat Dwyer 0 0 0 1 0 0 0 0 0 0 0/2 12:24 0:00 0:00
Patrick McNeill 0 0 0 0 0 1 0 0 0 0 0/0 15:08 1:45 0:43
Wayne Simmonds 0 0 0 0 0 5 1 1 1 0 1/1 20:06 1:55 0:00
Zack Stortini 0 0 0 -1 0 0 2 0 0 0 0/0 9:22 0:00 0:00
Players Stats for Thunder
Player Name G A P +/- PIM S H SB GA TA FO MP PP MP PK MP
------------------------------------------------------------------------------------
Adam Hall 1 3 4 1 0 4 2 4 1 0 1/2 21:51 1:13 2:19
Andreas Engqvist 0 0 0 0 0 0 0 0 0 0 3/3 9:02 0:00 0:00
Brandon Dubinsky 1 2 3 2 5 4 0 0 0 1 16/26 19:44 0:10 2:19
Brandon Mashinter 0 0 0 0 0 0 0 0 0 0 0/0 0:00 0:00 0:00
Casey Pierro-Zabotel 0 0 0 0 0 0 0 0 0 0 0/0 0:00 0:00 0:00
Colton Gillies 0 0 0 0 0 0 0 0 0 0 0/0 0:00 0:00 0:00
Daniel Winnik 0 0 0 0 0 0 0 0 0 0 0/0 9:38 0:00 0:36
Dany Roussin 0 1 1 1 0 4 1 0 0 0 0/0 15:14 0:56 0:25
Derek Peltier 0 0 0 1 0 0 1 1 0 1 0/0 19:03 0:54 1:31
Doug Janik 1 1 2 0 0 5 2 0 0 0 0/0 27:27 1:15 2:38
Jason Chimera 1 1 2 1 0 4 2 1 1 1 0/1 20:36 1:13 1:03
Jeff Finger 0 0 0 0 0 0 1 0 0 1 0/0 27:26 1:15 2:37
Jerred Smithson 0 0 0 1 2 1 1 0 0 0 7/15 15:00 0:56 0:11
Joey Ryan 0 0 0 1 0 0 0 1 0 0 0/0 13:41 0:00 0:00
Jon Kalinski 0 0 0 0 0 0 0 0 0 0 0/0 0:00 0:00 0:00
Kevin Montgomery 0 0 0 1 0 1 0 1 0 0 0/0 14:21 0:00 0:40
Phil Kessel 1 0 1 1 0 3 1 0 1 0 0/1 15:53 0:56 1:03
Pierre-Alexandre Parente 1 0 1 0 0 4 1 1 0 1 0/0 13:02 0:14 0:00
Ray Macias 0 0 0 1 2 0 2 0 0 2 0/0 18:01 0:54 0:30
Robin Leblanc 0 0 0 0 0 2 3 1 0 0 0/0 9:02 0:00 0:00
Scott Parse 0 1 1 -1 0 0 3 0 0 0 1/3 14:20 0:49 0:00
Tom Pyatt 0 0 0 0 0 0 2 0 0 1 3/7 12:38 0:00 0:00
3 Stars
1 - Adam Hall (TRO)
2 - Jason Chimera (TRO)
3 - Doug Janik (TRO)
Power Play
Saguenéens - 0 on 2 Attempt(s) - 0,00%
Thunder - 2 on 3 Attempt(s) - 66,67%
Penalty Kill
Saguenéens - 1 on 3 Attempt(s) - 33,33%
- Score 0 goal in Penalty Kill
Thunder - 2 on 2 Attempt(s) - 100,00%
- Score 0 goal in Penalty Kill
Official
Referees : Sutherland Kelly and Rooney Chris
Linesman : Vaughan Rody and Mike Cvik
Game Notes
Brendan Witt beats up Brandon Dubinsky at 9:04 of 3rd period
Saguenéens
5 vs 5 Forward
Center Left Wing Right Wing Time % Phy DF OF
1 Dean McAmmond Dwight King Wayne Simmonds 40 1 2 2
2 Kyle Brodziak Johannes Salmonsson Brad Chartrand 30 1 2 2
3 Jim Slater Michal Grosek Pat Dwyer 20 0 3 2
4 David McIntyre Andrew Kozek Zack Stortini 10 1 2 2
5 vs 5 Defense
Defense Defense Time % Phy DF OF
1 Brendan Witt Ian Cole 40 1 2 2
2 Henrik Tallinder Derek Joslin 30 1 2 2
3 Mike Van Ryn Patrick McNeill 20 1 2 2
4 Mike Van Ryn Brendan Witt 10 0 2 3
PowerPlay Forward
Center Left Wing Right Wing Time % Phy DF OF
1 Dean McAmmond Dwight King Wayne Simmonds 50 0 1 4
2 Kyle Brodziak Michal Grosek Brad Chartrand 50 0 1 4
PowerPlay Defense
Defense Defense Time % Phy DF OF
1 Ian Cole Mike Van Ryn 50 0 2 3
2 Henrik Tallinder Patrick McNeill 50 1 2 2
Penalty Kill 4 Players Forward
Center Wing Time % Phy DF OF
1 Kyle Brodziak Michal Grosek 50 1 3 1
2 Dean McAmmond Johannes Salmonsson 50 1 3 1
Penalty Kill 4 Players Defense
Defense Defense Time % Phy DF OF
1 Brendan Witt Mike Van Ryn 50 1 3 1
2 Henrik Tallinder Derek Joslin 50 1 3 1
Penalty Kill - 3 Players Forward
Forward Time % Phy DF OF
1 Dean McAmmond 50 1 3 1
2 Michal Grosek 50 1 3 1
Penalty Kill - 3 Players Defense
Defense Defense Time % Phy DF OF
1 Brendan Witt Mike Van Ryn 50 1 3 1
2 Henrik Tallinder Derek Joslin 50 1 3 1
4 vs 4 Forward
Center Wing Time % Phy DF OF
1 Kyle Brodziak Michal Grosek 50 1 1 3
2 Dean McAmmond Wayne Simmonds 50 1 1 3
4 vs 4 Defense
Defense Defense Time % Phy DF OF
1 Brendan Witt Ian Cole 50 1 2 2
2 Henrik Tallinder Mike Van Ryn 50 1 2 2
Last Minutes Offensive
Center Left Wing Right Wing Defense Defense
Kyle Brodziak Michal Grosek Wayne Simmonds Henrik Tallinder Mike Van Ryn
Last Minutes Defensive
Center Left Wing Right Wing Defense Defense
Kyle Brodziak Michal Grosek Wayne Simmonds Henrik Tallinder Derek Joslin
Goaltenders
Starting : Thomas Greiss
Backup : James Reimer
Extra Forwards
Normal : Brad Chartrand, Michal Grosek, Kyle Brodziak - PP : Johannes Salmonsson, Andrew Kozek - PK : Andrew Kozek
Extra Defensemen
Normal : Henrik Tallinder, Patrick McNeill, Derek Joslin - PP : Brendan Witt - PK : Patrick McNeill, Ian Cole
Penalty Shots
Dean McAmmond, Michal Grosek, Brad Chartrand, Kyle Brodziak, Wayne Simmonds
Thunder
5 vs 5 Forward
Center Left Wing Right Wing Time % Phy DF OF
1 Brandon Dubinsky Jason Chimera Adam Hall 40 1 2 2
2 Jerred Smithson Dany Roussin Phil Kessel 30 1 2 2
3 Tom Pyatt Scott Parse Pierre-Alexandre Parentea20 1 2 2
4 Andreas Engqvist Daniel Winnik Robin Leblanc 10 1 2 2
5 vs 5 Defense
Defense Defense Time % Phy DF OF
1 Jeff Finger Doug Janik 40 1 2 2
2 Derek Peltier Ray Macias 30 1 2 2
3 Joey Ryan Kevin Montgomery 20 1 2 2
4 Jeff Finger Doug Janik 10 1 2 2
PowerPlay Forward
Center Left Wing Right Wing Time % Phy DF OF
1 Brandon Dubinsky Jason Chimera Adam Hall 60 1 2 2
2 Jerred Smithson Dany Roussin Phil Kessel 40 1 2 2
PowerPlay Defense
Defense Defense Time % Phy DF OF
1 Jeff Finger Doug Janik 60 1 2 2
2 Derek Peltier Ray Macias 40 1 2 2
Penalty Kill 4 Players Forward
Center Wing Time % Phy DF OF
1 Brandon Dubinsky Adam Hall 60 1 2 2
2 Phil Kessel Jason Chimera 40 1 2 2
Penalty Kill 4 Players Defense
Defense Defense Time % Phy DF OF
1 Jeff Finger Doug Janik 60 1 2 2
2 Derek Peltier Ray Macias 40 1 2 2
Penalty Kill - 3 Players Forward
Forward Time % Phy DF OF
1 Brandon Dubinsky 60 1 2 2
2 Adam Hall 40 1 2 2
Penalty Kill - 3 Players Defense
Defense Defense Time % Phy DF OF
1 Jeff Finger Doug Janik 60 1 2 2
2 Derek Peltier Ray Macias 40 1 2 2
4 vs 4 Forward
Center Wing Time % Phy DF OF
1 Brandon Dubinsky Adam Hall 60 1 2 2
2 Phil Kessel Jason Chimera 40 1 2 2
4 vs 4 Defense
Defense Defense Time % Phy DF OF
1 Jeff Finger Doug Janik 60 1 2 2
2 Derek Peltier Ray Macias 40 1 2 2
Last Minutes Offensive
Center Left Wing Right Wing Defense Defense
Brandon Dubinsky Jason Chimera Adam Hall Jeff Finger Doug Janik
Last Minutes Defensive
Center Left Wing Right Wing Defense Defense
Brandon Dubinsky Jason Chimera Adam Hall Jeff Finger Doug Janik
Goaltenders
Starting : Semyon Varlamov
Backup : Adam Munro
Extra Forwards
Normal : Scott Parse, Pierre-Alexandre Parenteau, Daniel Winnik - PP : Scott Parse, Pierre-Alexandre Parenteau - PK : Daniel Winnik
Extra Defensemen
Normal : Joey Ryan, Kevin Montgomery, Derek Peltier - PP : Joey Ryan - PK : Kevin Montgomery, Derek Peltier
Penalty Shots
Brandon Dubinsky, Adam Hall, Phil Kessel, Jason Chimera, Dany Roussin
% Time on Ice - Saguenéens
Lines # - Real PCT - Wanted PCT - Time Play
Normal Forward
1 - 34% - 40% - 18:14
2 - 26% - 30% - 13:53
3 - 23% - 20% - 12:24
4 - 17% - 10% - 9:22
Normal Defense
1 - 40% - 40% - 21:39
2 - 31% - 30% - 16:44
3 - 21% - 20% - 11:24
4 - 8% - 10% - 4:06
PP Forward
1 - 48% - 50% - 1:55
2 - 52% - 50% - 2:03
PP Defense
1 - 56% - 50% - 2:13
2 - 44% - 50% - 1:45
PK Forward
1 - 50% - 50% - 1:05
2 - 50% - 50% - 1:04
PK Defense
1 - 50% - 50% - 1:05
2 - 50% - 50% - 1:04
PK3 Forward
1 - 0% - 50%
2 - 0% - 50%
PK3 Defense
1 - 0% - 50%
2 - 0% - 50%
44 Forward
1 - 0% - 50%
2 - 0% - 50%
44 Defense
1 - 0% - 50%
2 - 0% - 50%
Last Minute Offensive - 0:00
Last Minute Defensive - 0:00
Total
Forward - 60:00
Defense - 60:00
|
% Time on Ice - Thunder
Lines # - Real PCT - Wanted PCT - Time Play
Normal Forward
1 - 34% - 40% - 18:19
2 - 26% - 30% - 13:54
3 - 23% - 20% - 12:38
4 - 17% - 10% - 9:02
Normal Defense
1 - 38% - 40% - 20:17
2 - 31% - 30% - 16:38
3 - 25% - 20% - 13:41
4 - 6% - 10% - 3:17
PP Forward
1 - 57% - 60% - 1:13
2 - 43% - 40% - 0:56
PP Defense
1 - 58% - 60% - 1:15
2 - 42% - 40% - 0:54
PK Forward
1 - 74% - 60% - 2:55
2 - 26% - 40% - 1:03
PK Defense
1 - 62% - 60% - 2:27
2 - 38% - 40% - 1:31
PK3 Forward
1 - 0% - 60%
2 - 0% - 40%
PK3 Defense
1 - 0% - 60%
2 - 0% - 40%
44 Forward
1 - 0% - 60%
2 - 0% - 40%
44 Defense
1 - 0% - 60%
2 - 0% - 40%
Last Minute Offensive - 0:00
Last Minute Defensive - 0:00
Total
Forward - 60:00
Defense - 60:00
|
Play by Play
1st period
0:01 of 1st period - Dean McAmmond wins face-off versus Brandon Dubinsky in neutral zone.
0:04 of 1st period - Wrist shot by Wayne Simmonds.
0:04 of 1st period - Stopped by Semyon Varlamov without a rebound.
0:05 of 1st period - Wayne Simmonds wins face-off versus Adam Hall in Thunder zone.
0:10 of 1st period - Slapshot by Dean McAmmond.
0:10 of 1st period - Shot Misses the Net.
0:12 of 1st period - Snap shot by Dean McAmmond.
0:12 of 1st period - Shot Blocked by Jason Chimera.
0:14 of 1st period - Slapshot by Brendan Witt.
0:14 of 1st period - Deflect By Dean McAmmond.
0:14 of 1st period - Shot Misses the Net.
0:14 of 1st period - Puck is out of play.
0:15 of 1st period - Jerred Smithson wins face-off versus Kyle Brodziak in Thunder zone.
0:42 of 1st period - Ray Macias is hit by Jim Slater and loses puck.
0:53 of 1st period - Wrist shot by Scott Parse.
0:53 of 1st period - Shot Misses the Net.
1:05 of 1st period - Wrist shot by Dean McAmmond.
1:05 of 1st period - Shot Misses the Net.
1:11 of 1st period - Derek Joslin is hit by Adam Hall and loses puck.
1:43 of 1st period - Off-side.
1:44 of 1st period - Kyle Brodziak wins face-off versus Jerred Smithson in neutral zone.
2:32 of 1st period - Snap shot by Andrew Kozek.
2:32 of 1st period - Shot Misses the Net.
2:38 of 1st period - Ian Cole is hit by Scott Parse and loses puck.
2:58 of 1st period - Joey Ryan is hit by Michal Grosek and loses puck.
3:12 of 1st period - Patrick McNeill is hit by Robin Leblanc and loses puck.
3:38 of 1st period - Snap shot by Doug Janik.
3:38 of 1st period - Stopped by Thomas Greiss without a rebound.
3:39 of 1st period - Brandon Dubinsky wins face-off versus Dean McAmmond in Saguenéens zone.
3:40 of 1st period - Wrist shot by Jason Chimera.
3:40 of 1st period - Shot Misses the Net.
4:04 of 1st period - Jeff Finger is hit by Zack Stortini and loses puck.
4:19 of 1st period - Wrist shot by Brandon Dubinsky.
4:19 of 1st period - Stopped by Thomas Greiss with a rebound.
4:21 of 1st period - Slapshot by Adam Hall.
4:21 of 1st period - Stopped by Thomas Greiss without a rebound.
4:22 of 1st period - Dean McAmmond wins face-off versus Jerred Smithson in Saguenéens zone.
4:49 of 1st period - Patrick McNeill is hit by Ray Macias and loses puck.
5:51 of 1st period - Wrist shot by Dean McAmmond.
5:51 of 1st period - Stopped by Semyon Varlamov without a rebound.
5:52 of 1st period - Kyle Brodziak wins face-off versus Tom Pyatt in Thunder zone.
6:19 of 1st period - Dwight King is hit by Jason Chimera and loses puck.
7:30 of 1st period - Snap shot by David McIntyre.
7:30 of 1st period - Deflect By Zack Stortini.
7:30 of 1st period - Shot Misses the Net.
7:30 of 1st period - Puck is out of play.
7:31 of 1st period - David McIntyre wins face-off versus Brandon Dubinsky in Thunder zone.
7:36 of 1st period - Slapshot by Brendan Witt.
7:36 of 1st period - Stopped by Semyon Varlamov with a rebound.
8:20 of 1st period - Slapshot by Brad Chartrand.
8:20 of 1st period - Stopped by Semyon Varlamov with a rebound.
8:22 of 1st period - Snap shot by Kyle Brodziak.
8:22 of 1st period - Shot Blocked by Derek Peltier.
8:24 of 1st period - Slapshot by Brendan Witt.
8:24 of 1st period - Deflect By Brad Chartrand.
8:24 of 1st period - Shot Misses the Net.
8:24 of 1st period - Puck is out of play.
8:25 of 1st period - Brandon Dubinsky wins face-off versus Kyle Brodziak in Thunder zone.
9:12 of 1st period - Slapshot by Michal Grosek.
9:12 of 1st period - Shot Blocked by Pierre-Alexandre Parenteau.
9:48 of 1st period - Derek Joslin is hit by Derek Peltier and loses puck.
9:55 of 1st period - Snap shot by Brandon Dubinsky.
9:55 of 1st period - Stopped by Thomas Greiss with a rebound.
9:57 of 1st period - Snap shot by Adam Hall.
9:57 of 1st period - Shot Blocked by Derek Joslin.
9:59 of 1st period - Slapshot by Jason Chimera.
9:59 of 1st period - Goal by Jason Chimera - Saguenéens : 0 - Thunder : 1.
10:00 of 1st period - Dean McAmmond wins face-off versus Brandon Dubinsky in neutral zone.
10:52 of 1st period - Jeff Finger is hit by Jim Slater and loses puck.
11:09 of 1st period - Slapshot by Mike Van Ryn.
11:09 of 1st period - Stopped by Semyon Varlamov with a rebound.
11:11 of 1st period - Slapshot by Mike Van Ryn.
11:11 of 1st period - Stopped by Semyon Varlamov with a rebound.
11:15 of 1st period - Backhand shot by Andrew Kozek.
11:15 of 1st period - Stopped by Semyon Varlamov without a rebound.
11:16 of 1st period - Brandon Dubinsky wins face-off versus Dwight King in Thunder zone.
11:27 of 1st period - Snap shot by Wayne Simmonds.
11:27 of 1st period - Stopped by Semyon Varlamov without a rebound.
11:28 of 1st period - Brandon Dubinsky wins face-off versus Dean McAmmond in Thunder zone.
11:41 of 1st period - Wrist shot by Adam Hall.
11:41 of 1st period - Shot Misses the Net.
11:43 of 1st period - Snap shot by Adam Hall.
11:43 of 1st period - Shot Misses the Net.
13:18 of 1st period - Snap shot by Dean McAmmond.
13:18 of 1st period - Stopped by Semyon Varlamov with a rebound.
13:36 of 1st period - Wrist shot by Kyle Brodziak.
13:36 of 1st period - Stopped by Semyon Varlamov without a rebound.
13:37 of 1st period - Tom Pyatt wins face-off versus Kyle Brodziak in Thunder zone.
14:02 of 1st period - Jason Chimera is hit by Dwight King and loses puck.
15:12 of 1st period - Off-side.
15:13 of 1st period - Dean McAmmond wins face-off versus Jerred Smithson in neutral zone.
15:21 of 1st period - Snap shot by Phil Kessel.
15:21 of 1st period - Stopped by Thomas Greiss without a rebound.
15:22 of 1st period - Jerred Smithson wins face-off versus Dean McAmmond in Saguenéens zone.
15:25 of 1st period - Snap shot by Phil Kessel.
15:25 of 1st period - Stopped by Thomas Greiss with a rebound.
15:33 of 1st period - Wrist shot by Phil Kessel.
15:33 of 1st period - Shot Blocked by Henrik Tallinder.
15:35 of 1st period - Wrist shot by Dany Roussin.
15:35 of 1st period - Shot Misses the Net.
15:37 of 1st period - Wrist shot by Jerred Smithson.
15:37 of 1st period - Shot Misses the Net.
15:39 of 1st period - Slapshot by Joey Ryan.
15:39 of 1st period - Shot Misses the Net.
15:41 of 1st period - Snap shot by Dany Roussin.
15:41 of 1st period - Shot Blocked by Wayne Simmonds.
15:43 of 1st period - Wrist shot by Dany Roussin.
15:43 of 1st period - Stopped by Thomas Greiss without a rebound.
15:44 of 1st period - Kyle Brodziak wins face-off versus Tom Pyatt in Saguenéens zone.
15:55 of 1st period - Wrist shot by Brad Chartrand.
15:55 of 1st period - Stopped by Semyon Varlamov without a rebound.
15:56 of 1st period - Dean McAmmond wins face-off versus Jerred Smithson in Thunder zone.
16:46 of 1st period - Henrik Tallinder is hit by Ray Macias and loses puck.
16:57 of 1st period - Slapshot by Pierre-Alexandre Parenteau.
16:57 of 1st period - Stopped by Thomas Greiss without a rebound.
16:58 of 1st period - Jerred Smithson wins face-off versus Dean McAmmond in Saguenéens zone.
17:07 of 1st period - Slapshot by Dany Roussin.
17:07 of 1st period - Stopped by Thomas Greiss with a rebound.
17:09 of 1st period - Slapshot by Kevin Montgomery.
17:09 of 1st period - Stopped by Thomas Greiss with a rebound.
17:11 of 1st period - Snap shot by Jerred Smithson.
17:11 of 1st period - Stopped by Thomas Greiss without a rebound.
17:12 of 1st period - Brandon Dubinsky wins face-off versus Kyle Brodziak in Saguenéens zone.
17:23 of 1st period - Snap shot by Jason Chimera.
17:23 of 1st period - Shot Blocked by Brendan Witt.
17:25 of 1st period - Backhand shot by Jeff Finger.
17:25 of 1st period - Shot Misses the Net.
17:27 of 1st period - Snap shot by Adam Hall.
17:27 of 1st period - Stopped by Thomas Greiss with a rebound.
18:00 of 1st period - Jerred Smithson is hit by Dwight King and loses puck.
18:09 of 1st period - Slapshot by Dany Roussin.
18:09 of 1st period - Shot Misses the Net.
18:48 of 1st period - Snap shot by Jim Slater.
18:48 of 1st period - Stopped by Semyon Varlamov with a rebound.
18:50 of 1st period - Wrist shot by Michal Grosek.
18:50 of 1st period - Stopped by Semyon Varlamov without a rebound.
18:51 of 1st period - Adam Hall wins face-off versus Dwight King in Thunder zone.
18:51 of 1st period - Adam Hall is hit by Wayne Simmonds.
19:12 of 1st period - Minor Penalty to Jerred Smithson for Slashing.
19:13 of 1st period - Brandon Dubinsky wins face-off versus Dean McAmmond in Thunder zone.
19:56 of 1st period - Jason Chimera is hit by Brad Chartrand and loses puck.
2nd period
0:01 of 2nd period - Dean McAmmond wins face-off versus Brandon Dubinsky in neutral zone.
0:53 of 2nd period - Icing by Brad Chartrand.
0:54 of 2nd period - Kyle Brodziak wins face-off versus Phil Kessel in Saguenéens zone.
1:12 of 2nd period - Penalty to Jerred Smithson is over, Jerred Smithson is back on ice.
1:29 of 2nd period - Snap shot by Daniel Winnik.
1:29 of 2nd period - Shot Blocked by Henrik Tallinder.
1:51 of 2nd period - Wrist shot by Dany Roussin.
1:51 of 2nd period - Stopped by Thomas Greiss with a rebound.
2:51 of 2nd period - Patrick McNeill is hit by Robin Leblanc and loses puck.
3:35 of 2nd period - Slapshot by Kyle Brodziak.
3:35 of 2nd period - Shot Misses the Net.
3:37 of 2nd period - Snap shot by Brad Chartrand.
3:37 of 2nd period - Stopped by Semyon Varlamov with a rebound.
5:30 of 2nd period - Michal Grosek is hit by Jeff Finger and loses puck.
5:48 of 2nd period - Pierre-Alexandre Parenteau is hit by Derek Joslin and loses puck.
6:10 of 2nd period - Snap shot by Brad Chartrand.
6:10 of 2nd period - Deflect By Jason Chimera.
6:10 of 2nd period - Stopped by Semyon Varlamov without a rebound.
6:11 of 2nd period - Jerred Smithson wins face-off versus Dean McAmmond in Thunder zone.
6:11 of 2nd period - Jerred Smithson is hit by Derek Joslin.
7:28 of 2nd period - Wrist shot by Kyle Brodziak.
7:28 of 2nd period - Shot Misses the Net.
8:18 of 2nd period - Snap shot by Brandon Dubinsky.
8:18 of 2nd period - Stopped by Thomas Greiss with a rebound.
8:20 of 2nd period - Snap shot by Doug Janik.
8:20 of 2nd period - Stopped by Thomas Greiss with a rebound.
8:26 of 2nd period - Snap shot by Brandon Dubinsky.
8:26 of 2nd period - Shot Blocked by Brad Chartrand.
8:28 of 2nd period - Wrist shot by Brandon Dubinsky.
8:28 of 2nd period - Shot Blocked by Johannes Salmonsson.
8:30 of 2nd period - Slapshot by Jason Chimera.
8:30 of 2nd period - Stopped by Thomas Greiss without a rebound.
8:31 of 2nd period - Dean McAmmond wins face-off versus Jerred Smithson in Saguenéens zone.
9:29 of 2nd period - David McIntyre is hit by Robin Leblanc and loses puck.
10:05 of 2nd period - Brendan Witt is hit by Dany Roussin.
10:15 of 2nd period - Dwight King is hit by Pierre-Alexandre Parenteau and loses puck.
10:32 of 2nd period - Kevin Montgomery is hit by Zack Stortini and loses puck.
10:47 of 2nd period - Michal Grosek is hit by Jason Chimera and loses puck.
10:58 of 2nd period - Andrew Kozek is hit by Scott Parse and loses puck.
11:44 of 2nd period - Wayne Simmonds is hit by Scott Parse and loses puck.
11:49 of 2nd period - Snap shot by Pierre-Alexandre Parenteau.
11:49 of 2nd period - Stopped by Thomas Greiss with a rebound.
12:32 of 2nd period - Doug Janik is hit by Dwight King.
12:38 of 2nd period - Phil Kessel is hit by Dean McAmmond and loses puck.
13:02 of 2nd period - Off-side.
13:03 of 2nd period - Tom Pyatt wins face-off versus Andrew Kozek in neutral zone.
13:16 of 2nd period - Snap shot by Pierre-Alexandre Parenteau.
13:16 of 2nd period - Shot Misses the Net.
13:18 of 2nd period - Slapshot by Pierre-Alexandre Parenteau.
13:18 of 2nd period - Goal by Pierre-Alexandre Parenteau - Saguenéens : 0 - Thunder : 2.
13:19 of 2nd period - Dean McAmmond wins face-off versus Brandon Dubinsky in neutral zone.
13:22 of 2nd period - Adam Hall is hit by Dwight King and loses puck.
14:00 of 2nd period - Wrist shot by Jason Chimera.
14:00 of 2nd period - Shot Misses the Net.
14:06 of 2nd period - Snap shot by Jason Chimera.
14:06 of 2nd period - Stopped by Thomas Greiss with a rebound.
14:42 of 2nd period - Wrist shot by Jason Chimera.
14:42 of 2nd period - Stopped by Thomas Greiss without a rebound.
14:43 of 2nd period - Jerred Smithson wins face-off versus Dean McAmmond in Saguenéens zone.
14:48 of 2nd period - Wrist shot by Phil Kessel.
14:48 of 2nd period - Shot Blocked by Dwight King.
15:48 of 2nd period - Dean McAmmond is hit by Doug Janik.
16:16 of 2nd period - Icing by Kevin Montgomery.
16:17 of 2nd period - Andreas Engqvist wins face-off versus Michal Grosek in Thunder zone.
16:50 of 2nd period - Wrist shot by Dany Roussin.
16:50 of 2nd period - Stopped by Thomas Greiss with a rebound.
16:52 of 2nd period - Wrist shot by Phil Kessel.
16:52 of 2nd period - Goal by Phil Kessel - Saguenéens : 0 - Thunder : 3.
16:53 of 2nd period - Dean McAmmond wins face-off versus Brandon Dubinsky in neutral zone.
17:26 of 2nd period - Phil Kessel is hit by Brad Chartrand.
17:40 of 2nd period - Slapshot by Brendan Witt.
17:40 of 2nd period - Stopped by Semyon Varlamov with a rebound.
17:42 of 2nd period - Wrist shot by Jim Slater.
17:42 of 2nd period - Goal by Jim Slater - Saguenéens : 1 - Thunder : 3.
17:43 of 2nd period - Brandon Dubinsky wins face-off versus Dean McAmmond in neutral zone.
17:55 of 2nd period - Off-side.
17:56 of 2nd period - Dean McAmmond wins face-off versus Jason Chimera in neutral zone.
18:05 of 2nd period - Snap shot by Wayne Simmonds.
18:05 of 2nd period - Shot Misses the Net.
18:31 of 2nd period - Minor Penalty to Johannes Salmonsson for Slashing.
18:32 of 2nd period - Brandon Dubinsky wins face-off versus Kyle Brodziak in Saguenéens zone.
18:35 of 2nd period - Wrist shot by Brandon Dubinsky.
18:35 of 2nd period - Goal by Brandon Dubinsky - Saguenéens : 1 - Thunder : 4.
18:36 of 2nd period - Brandon Dubinsky wins face-off versus Dean McAmmond in neutral zone.
18:41 of 2nd period - Slapshot by Doug Janik.
18:41 of 2nd period - Shot Blocked by Ian Cole.
19:02 of 2nd period - Brendan Witt is hit by Doug Janik and loses puck.
19:54 of 2nd period - Wrist shot by Adam Hall.
19:54 of 2nd period - Stopped by Thomas Greiss without a rebound.
19:55 of 2nd period - Dean McAmmond wins face-off versus Brandon Dubinsky in Saguenéens zone.
3rd period
0:01 of 3rd period - Brandon Dubinsky wins face-off versus Dean McAmmond in neutral zone.
0:01 of 3rd period - Brandon Dubinsky is hit by Dwight King.
0:46 of 3rd period - Snap shot by Michal Grosek.
0:46 of 3rd period - Stopped by Semyon Varlamov without a rebound.
0:47 of 3rd period - Andreas Engqvist wins face-off versus Pat Dwyer in Thunder zone.
0:52 of 3rd period - Wrist shot by Doug Janik.
0:52 of 3rd period - Stopped by Thomas Greiss without a rebound.
0:53 of 3rd period - Brandon Dubinsky wins face-off versus Dean McAmmond in Saguenéens zone.
0:58 of 3rd period - Wrist shot by Brandon Dubinsky.
0:58 of 3rd period - Shot Misses the Net.
1:04 of 3rd period - Adam Hall is hit by Dwight King and loses puck.
1:09 of 3rd period - Snap shot by Dean McAmmond.
1:09 of 3rd period - Stopped by Semyon Varlamov with a rebound.
2:25 of 3rd period - Wrist shot by Dean McAmmond.
2:25 of 3rd period - Deflect By Wayne Simmonds.
2:25 of 3rd period - Shot Blocked by Adam Hall.
2:25 of 3rd period - Puck is out of play.
2:26 of 3rd period - Brandon Dubinsky wins face-off versus Dean McAmmond in Thunder zone.
2:47 of 3rd period - Slapshot by Wayne Simmonds.
2:47 of 3rd period - Deflect By Dean McAmmond.
2:47 of 3rd period - Shot Misses the Net.
2:47 of 3rd period - Puck is out of play.
2:48 of 3rd period - Jerred Smithson wins face-off versus Kyle Brodziak in Thunder zone.
2:48 of 3rd period - Jerred Smithson is hit by Johannes Salmonsson.
3:56 of 3rd period - Snap shot by Michal Grosek.
3:56 of 3rd period - Stopped by Semyon Varlamov without a rebound.
3:57 of 3rd period - Jim Slater wins face-off versus Tom Pyatt in Thunder zone.
4:12 of 3rd period - Wrist shot by Jim Slater.
4:12 of 3rd period - Shot Misses the Net.
4:26 of 3rd period - Off-side.
4:27 of 3rd period - Brandon Dubinsky wins face-off versus David McIntyre in neutral zone.
4:34 of 3rd period - Wrist shot by Adam Hall.
4:34 of 3rd period - Goal by Adam Hall - Saguenéens : 1 - Thunder : 5.
4:35 of 3rd period - Dean McAmmond wins face-off versus Brandon Dubinsky in neutral zone.
4:46 of 3rd period - Slapshot by Wayne Simmonds.
4:46 of 3rd period - Stopped by Semyon Varlamov with a rebound.
5:09 of 3rd period - Jerred Smithson is hit by Johannes Salmonsson and loses puck.
5:17 of 3rd period - Icing by Jerred Smithson.
5:18 of 3rd period - Tom Pyatt wins face-off versus Jim Slater in Thunder zone.
5:47 of 3rd period - Off-side.
5:48 of 3rd period - Brandon Dubinsky wins face-off versus Dean McAmmond in neutral zone.
6:17 of 3rd period - Snap shot by Brendan Witt.
6:17 of 3rd period - Shot Blocked by Joey Ryan.
6:19 of 3rd period - Wrist shot by Wayne Simmonds.
6:19 of 3rd period - Stopped by Semyon Varlamov with a rebound.
6:21 of 3rd period - Snap shot by Wayne Simmonds.
6:21 of 3rd period - Shot Misses the Net.
6:23 of 3rd period - Wrist shot by Dean McAmmond.
6:23 of 3rd period - Shot Blocked by Adam Hall.
6:25 of 3rd period - Wrist shot by Dwight King.
6:25 of 3rd period - Shot Blocked by Kevin Montgomery.
6:27 of 3rd period - Snap shot by Wayne Simmonds.
6:27 of 3rd period - Stopped by Semyon Varlamov without a rebound.
6:28 of 3rd period - Kyle Brodziak wins face-off versus Jerred Smithson in Thunder zone.
8:47 of 3rd period - Off-side.
8:48 of 3rd period - Andreas Engqvist wins face-off versus David McIntyre in neutral zone.
8:57 of 3rd period - Wrist shot by Robin Leblanc.
8:57 of 3rd period - Stopped by Thomas Greiss with a rebound.
8:59 of 3rd period - Slapshot by Andreas Engqvist.
8:59 of 3rd period - Shot Misses the Net.
9:01 of 3rd period - Snap shot by Doug Janik.
9:01 of 3rd period - Deflect By Robin Leblanc.
9:01 of 3rd period - Stopped by Thomas Greiss without a rebound.
9:02 of 3rd period - Brandon Dubinsky wins face-off versus Dean McAmmond in Saguenéens zone.
9:04 of 3rd period - Brendan Witt beats up Brandon Dubinsky.
9:04 of 3rd period - Penalty to Brandon Dubinsky for Fighting.
9:04 of 3rd period - Penalty to Brendan Witt for Fighting.
9:05 of 3rd period - Dwight King wins face-off versus Scott Parse in Saguenéens zone.
9:12 of 3rd period - Slapshot by Doug Janik.
9:12 of 3rd period - Stopped by Thomas Greiss without a rebound.
9:13 of 3rd period - Dean McAmmond wins face-off versus Scott Parse in Saguenéens zone.
9:13 of 3rd period - Dean McAmmond is hit by Adam Hall.
9:48 of 3rd period - Wrist shot by Dean McAmmond.
9:48 of 3rd period - Goal by Dean McAmmond - Saguenéens : 2 - Thunder : 5.
9:49 of 3rd period - Kyle Brodziak wins face-off versus Jerred Smithson in neutral zone.
9:52 of 3rd period - Snap shot by Brad Chartrand.
9:52 of 3rd period - Shot Misses the Net.
10:00 of 3rd period - Snap shot by Brad Chartrand.
10:00 of 3rd period - Shot Misses the Net.
10:01 of 3rd period - Minor Penalty to Brad Chartrand for High sticking.
10:02 of 3rd period - Scott Parse wins face-off versus Dean McAmmond in Saguenéens zone.
10:17 of 3rd period - Wrist shot by Scott Parse.
10:17 of 3rd period - Shot Blocked by Henrik Tallinder.
11:11 of 3rd period - Icing by Ray Macias.
11:12 of 3rd period - Kyle Brodziak wins face-off versus Jerred Smithson in Thunder zone.
11:13 of 3rd period - Wrist shot by Michal Grosek.
11:13 of 3rd period - Shot Misses the Net.
11:25 of 3rd period - Slapshot by Mike Van Ryn.
11:25 of 3rd period - Shot Blocked by Adam Hall.
11:27 of 3rd period - Snap shot by Patrick McNeill.
11:27 of 3rd period - Stopped by Semyon Varlamov with a rebound.
12:01 of 3rd period - Penalty to Brad Chartrand is over, Brad Chartrand is back on ice.
13:47 of 3rd period - Wrist shot by Kyle Brodziak.
13:47 of 3rd period - Shot Blocked by Robin Leblanc.
13:59 of 3rd period - Mike Van Ryn is hit by Jerred Smithson and loses puck.
14:18 of 3rd period - Scott Parse is hit by Jim Slater and loses puck.
14:35 of 3rd period - Backhand shot by David McIntyre.
14:35 of 3rd period - Shot Blocked by Adam Hall.
15:02 of 3rd period - Michal Grosek is hit by Tom Pyatt.
15:29 of 3rd period - Wrist shot by Henrik Tallinder.
15:29 of 3rd period - Stopped by Semyon Varlamov without a rebound.
15:30 of 3rd period - Kyle Brodziak wins face-off versus Tom Pyatt in Thunder zone.
15:36 of 3rd period - Minor Penalty to Brad Chartrand for Holding.
15:37 of 3rd period - Brandon Dubinsky wins face-off versus Kyle Brodziak in Saguenéens zone.
15:42 of 3rd period - Slapshot by Doug Janik.
15:42 of 3rd period - Goal by Doug Janik - Saguenéens : 2 - Thunder : 6.
15:43 of 3rd period - Dean McAmmond wins face-off versus Brandon Dubinsky in neutral zone.
16:08 of 3rd period - Doug Janik is hit by Johannes Salmonsson.
16:17 of 3rd period - Mike Van Ryn is hit by Phil Kessel and loses puck.
16:38 of 3rd period - Jim Slater is hit by Tom Pyatt and loses puck.
16:59 of 3rd period - Minor Penalty to Ray Macias for Interference.
17:00 of 3rd period - Dean McAmmond wins face-off versus Brandon Dubinsky in Thunder zone.
17:18 of 3rd period - Brandon Dubinsky is hit by Henrik Tallinder and loses puck.
17:29 of 3rd period - Snap shot by Brad Chartrand.
17:29 of 3rd period - Shot Misses the Net.
17:47 of 3rd period - Kevin Montgomery is hit by Kyle Brodziak.
18:59 of 3rd period - Penalty to Ray Macias is over, Ray Macias is back on ice.
19:33 of 3rd period - Snap shot by Pierre-Alexandre Parenteau.
19:33 of 3rd period - Stopped by Thomas Greiss without a rebound.
19:34 of 3rd period - Jerred Smithson wins face-off versus Pat Dwyer in Saguenéens zone.
Output by the SimonT Hockey Simulator (STHS) for François Prévost -- Original Page W3C XHTML 1.0 Valid